 Dungeon Crawl Stone Soup version 0.28.0-53-g5a82cb258f (webtiles) character file.

Game seed: 8124819058519389405

215 DocClef the Chopper (level 5, -4/38 HPs)
             Began as a Demonspawn Gladiator on July 6, 2022.
             Slain by a black bear (5 damage)
             ... on level 4 of the Dungeon.
             The game lasted 00:02:39 (2744 turns).

DocClef the Chopper (Demonspawn Gladiator)          Turns: 2744, Time: 00:02:40

Health: -4/38      AC:  9    Str: 16    XL:     5   Next: 60%
Magic:  14/14      EV:  7    Int: 10    God:
Gold:   207        SH:  0    Dex: 14    Spells: 4/4 levels left

rFire   . . .      SeeInvis .   a - +0 war axe
rCold   . . .      Faith    .   (no shield)
rNeg    + . .      Spirit   .   u - +0 chain mail
rPois   .          Reflect  .   c - +0 helmet
rElec   .          Harm     .   (no cloak)
rCorr   .          Rampage  .   (no gloves)
Will    .....                   (no boots)
Stlth   ..........              (no amulet)
HPRegen 0.12/turn               n - ring of magical power
MPRegen 0.28/turn               q - ring of positive energy

@: no status effects
A: powered by death 1, magic regeneration
a: no special abilities


You were on level 4 of the Dungeon.
You visited 1 branch of the dungeon, and saw 4 of its levels.

You collected 207 gold pieces.

Inventory:

Hand Weapons
 a - a +0 war axe (weapon)
Missiles
 d - 3 throwing nets (quivered)
Armour
 c - a +0 helmet (worn)
 u - a +0 chain mail (worn)
Jewellery
 n - a ring of magical power (left hand)
 q - a ring of positive energy (right hand)
Wands
 j - a wand of digging (10)
 r - a wand of charming (9)
 t - a wand of paralysis (9)
Scrolls
 f - 3 scrolls of identify {unknown}
 h - a scroll of enchant weapon {unknown}
 i - 3 scrolls of teleportation {unknown}
 k - a scroll of magic mapping {unknown}
 m - a scroll of amnesia {unknown}
 s - a scroll of fear {unknown}
Potions
 g - a potion of heal wounds {unknown}
 l - a potion of magic {unknown}
 o - a potion of brilliance {unknown}
 p - a potion of curing {unknown}


   Skills:
 - Level 2.0 Fighting
 + Level 5.8 Axes
 - Level 1.7 Throwing
 - Level 2.6 Dodging


You had 4 spell levels left.
You didn't know any spells.
Your spell library contained the following spells:

 Spells                   Type           Power      Damage    Failure   Level
 Conjure Flame            Conj/Fire      0%         6-21      100%        3
 Ignite Poison            Fire/Tmut/Pois 0%         N/A       100%        3
 Sticky Flame             Conj/Fire      0%         2d3       100%        4


Dungeon Overview and Level Annotations

Branches:
Dungeon (4/15)
 Temple: D:4-7

Altars:


Innate Abilities, Weirdness & Mutations

You regenerate a little health from kills.
You regenerate magic rapidly.


Message History

The black bear barely misses you.
You hit the black bear but do no damage.
The black bear is severely wounded.
You barely miss the ball python.
The ball python bites you but does no damage.
The ball python constricts you.
The black bear bites you but does no damage.
The black bear claws you but does no damage. x2
The ball python bites you but does no damage.
The ball python constricts you. The black bear bites you.
The black bear claws you but does no damage. x2
You barely miss the black bear.
The black bear is severely wounded.
You barely miss the ball python.
The ball python bites you but does no damage.
The ball python constricts you. The black bear bites you!
The black bear barely misses you.
The black bear claws you but does no damage.
You hit the black bear.
The black bear is severely wounded.
You hit the ball python.
You kill the ball python!
The black bear goes berserk!
The kobold closely misses you.
Unknown command.
You hit the black bear.
The black bear is almost dead.
You barely miss the kobold. The black bear bites you.
The black bear barely misses you. The black bear claws you.
* * * LOW HITPOINT WARNING * * *
The black bear bites you!
* * * LOW HITPOINT WARNING * * *
The black bear claws you but does no damage. x2
The kobold hits you but does no damage.
You barely miss the black bear.
The black bear is severely wounded.
You hit the kobold but do no damage. The black bear bites you.
* * * LOW HITPOINT WARNING * * *
The black bear claws you but does no damage.
The black bear claws you.
You die...

........# ...#
.##......# ..#
.........##..#
.............
..........#
#.....##
#.....#
#...K.#
#...h@#
#....#..#
#....#..#
#....##...
##..## #.#.
.... .. #...
... ....


You could see a black bear (berserk) and a kobold.

Vanquished Creatures
  A hound (D:3)
  Ijyb (D:3)
  9 adders
  A dart slug (D:1)
  6 ball pythons
  3 endoplasms
  3 giant cockroaches
  6 goblins
  5 hobgoblins
  11 jackals
  5 kobolds
  4 quokkas
  7 bats
  2 frilled lizards (D:3)
  7 rats
71 creatures vanquished.

Notes
Turn   | Place    | Note
-------+----------+-------------------------------------------
     0 | D:1      | DocClef the Demonspawn Gladiator began the quest for the
                  | Orb.
     0 | D:1      | Reached XP level 1. HP: 16/16 MP: 1/1
    73 | D:1      | Reached skill level 3 in Axes
   137 | D:1      | Gained mutation: You regenerate a little health from kills.
                  | [demonic ancestry]
   137 | D:1      | Reached XP level 2. HP: 16/22 MP: 2/2
   235 | D:1      | Reached XP level 3. HP: 27/27 MP: 3/3
   350 | D:1      | Reached skill level 4 in Axes
  1019 | D:2      | Reached XP level 4. HP: 26/33 MP: 4/4
  1534 | D:3      | Reached skill level 5 in Axes
  1829 | D:3      | Gained mutation: You regenerate magic rapidly. [demonic
                  | ancestry]
  1829 | D:3      | Reached XP level 5. HP: 38/38 MP: 5/5
  2124 | D:3      | Noticed Ijyb
  2142 | D:3      | Killed Ijyb
  2727 | D:4      | Noticed a black bear
  2744 | D:4      | HP: 1/38 [black bear (2)]
  2744 | D:4      | Slain by a black bear

Illustrated notes

Levels and vault maps discovered:
D:1:      dpeg_arrival_arbitrary_b, layout_loops_ring
D:2:      layout_rooms, kennysheep_donut
D:3:      layout_basic, dk_noncrumbling_3, kennysheep_decorative_pillar,
          uniq_ijyb
D:4:      layout_cave_pools, nicolae_sif_muna_little_library, serial_shops,
          kennysheep_mini_moat, minmay_fire_ice_demons

Skill      XL: |  1  2  3  4 |
---------------+-------------+-----
Axes           | 3 4 5 |  5.8
Fighting       | |  2.0
Throwing       | |  1.7
Dodging        | |  2.6

Action                   |  1- 3 |  4- 6 || total
-------------------------+-------+-------++-------
Melee: War axe           |   104 |   131 ||   235
       Punch             |       |     1 ||     1
Armor: Ring mail         |    55 |    63 ||   118
       Chain mail        |       |    31 ||    31
Dodge: Dodged            |    79 |   115 ||   194
